[Event "Superbet Blitz Poland 2022"]
[Site "Warsaw"]
[Date "2022.05.22"]
[Round "4.2"]
[White "Duda, Jan-Krzysztof"]
[Black "Rapport, Richard"]
[Result "1/2-1/2"]
[ECO "A61"]
[WhiteElo "2750"]
[BlackElo "2776"]
[Annotator "TA"]
[PlyCount "134"]
[EventDate "2022.05.22"]
[EventType "tourn"]
[EventCountry "POL"]
[SourceTitle "playchess.com"]
[Source "ChessBase"]
[SourceQuality "1"]
[TimeControl "300+2"]

1. d4 Nf6 2. c4 e6 3. Nf3 c5 4. d5 d6 5. Nc3 exd5 6. cxd5 g6 7. Bf4 a6 8. a4 Bg7 9. e3 O-O 10. h3 Ne8 {[%emt 0:00:07] A61: Modern Benoni: Nf3 without early e4.} 11. Be2 Nd7 12. O-O Ne5 {[%emt 0:00:01] White is slightly better.} 13. Nd2 {[%emt 0:00:08] 13.Bxe5 is more fashionable.} Rb8 14. Bh2 f5 15. a5 Nc7 {[%emt 0:00:13] [#]} 16. f4 $146 ({Predecessor:} 16. Qb3 Bd7 17. Bxe5 Bxe5 18. Nc4 Qe7 19. Na4 f4 20. exf4 Bd4 21. Nab6 Bb5 22. Qf3 {½-½ (72) Miranda Llanes,Y (2229)-Ortiz Suarez,I (2604) Cuernavaca 2014}) 16... Nf7 17. Nc4 Nb5 18. Na4 Re8 19. Nab6 Kh8 20. g4 Nh6 (20... Nc7 $142) 21. g5 $16 Nf7 22. Bg3 Bd7 23. Kg2 Nc7 24. h4 Bb5 25. h5 Kg8 26. Ra3 Na8 27. Nxa8 {[%emt 0:00:47] White is more active.} Rxa8 28. Qc2 (28. b3 $16) 28... Rb8 29. Rf3 Qc7 (29... Re4 $142) 30. Bd3 Qe7 31. b3 Bxc4 32. Qxc4 ({Don't play} 32. bxc4 $6 b5 $14) 32... Qc7 33. e4 (33. Qc2 $18 {has better winning chances.}) 33... fxe4 34. Bxe4 gxh5 ({Better is} 34... Bd4 $14 35. Qc2 Qe7) 35. Qd3 $18 h6 36. Bh7+ {[%emt 0:00:32] A strong pair of Bishops.} Kh8 37. Bg6 $2 (37. g6 $18) 37... Rf8 $2 (37... hxg5 $16 38. Bxh5 Re7) 38. Bxh5 Rbe8 39. Ra2 Qe7 40. Raf2 $2 (40. g6 $18 Nd8 41. Rff2) 40... hxg5 $14 41. fxg5 (41. Qb1 $14) 41... Nxg5 $11 42. Rxf8+ Rxf8 43. Rxf8+ Qxf8 44. Qg6 Qf6 45. Qxf6 {[%emt 0:00:04][%mdl 64] Remove Defender} Bxf6 46. Bxd6 $14 {[%emt 0:00:01][%mdl 4096] Endgame KBB-KBN} Ne4 $2 {[%emt 0:00:03] [#]} (46... Kg7 $14) 47. Bc7 $1 $18 {[%emt 0:00:02] Threatens to win with Bf3.} Be7 {[%emt 0:00:04] [#]} 48. Bg4 (48. Kf3 $1 $16 Nd6 49. Kf4) 48... Kg7 $11 49. Bc8 Nd6 50. Be6 Kf6 51. Kf3 (51. Bxd6 $11 Bxd6 52. Bc8) 51... c4 (51... Nb5 $17 52. Bf4 Nd4+ 53. Ke4 Nxe6 54. Be5+ Kf7 55. dxe6+ Kxe6) 52. bxc4 {[%emt 0:00:01] The position is equal.} Nxc4 53. Ke4 Bc5 54. Kd3 Nd6 55. Bd8+ Ke5 56. Bh4 Kf4 57. Be1 Ke5 58. Bc3+ Kf4 59. Bd7 Ne4 60. Bb2 Bb4 61. Bc8 Bxa5 62. Ba3 Bb6 63. Kc4 (63. d6 {is interesting.} a5 64. d7 Bd8 65. Bxb7 Nf6 66. Bc8) 63... Bc7 64. Bxb7 Nd6+ 65. Bxd6+ Bxd6 66. Bxa6 Be5 67. d6 Bxd6 {Weighted Error Value: White=0.31/Black=0.40} 1/2-1/2

[Event "Superbet Blitz Poland 2022"]
[Site "Warsaw"]
[Date "2022.05.22"]
[Round "4.3"]
[White "Korobov, Anton"]
[Black "Caruana, Fabiano"]
[Result "0-1"]
[ECO "A21"]
[WhiteElo "2671"]
[BlackElo "2786"]
[Annotator "TA"]
[PlyCount "92"]
[EventDate "2022.05.22"]
[EventType "tourn"]
[EventCountry "POL"]
[SourceTitle "playchess.com"]
[Source "ChessBase"]
[SourceQuality "1"]
[TimeControl "300+2"]

1. c4 e5 2. Nc3 Bb4 3. g3 Bxc3 4. bxc3 Nc6 5. Bg2 d6 6. d3 Nge7 $1 {[%emt 0:00:06] 6...Nge7 scores better than 6...f5. A21: English Opening: 1...e5 2 Nc3.} 7. e4 O-O 8. Nf3 f5 {[%emt 0:00:10] The position is equal.} 9. exf5 Bxf5 10. Ng5 {[%emt 0:00:13] [#]} h6 $146 ({Predecessor:} 10... Qd7 11. O-O h6 12. Ne4 Bh3 13. Bxh3 Qxh3 14. Qe2 Rf7 15. Bd2 Raf8 16. f3 {½-½ (16) Ivanchuk,V (2728)-Kazhgaleyev,M (2576) Tbilisi 2017}) 11. Ne4 Qd7 12. h3 b6 13. Be3 (13. g4 $11 Bg6 14. O-O) 13... d5 14. cxd5 Nxd5 15. Qd2 Rad8 16. Rd1 Nce7 17. c4 Nxe3 18. fxe3 Bg6 19. g4 Nc8 20. Rf1 Qe7 21. Rf2 $2 {[%emt 0:00:08] This move loses the game for White.} (21. Rxf8+ $17 {keeps fighting.} Rxf8 22. Ke2) 21... Qh4 $19 22. Qe2 Nd6 23. Nc3 Qg3 24. Rd2 Kh7 25. Bd5 (25. Nd1 {might work better.}) 25... Qxh3 26. Rxf8 Rxf8 {[%emt 0:00:01] The board is on fire.} 27. Kd1 Qg3 28. Kc2 (28. Kc1 {is a better defense.}) 28... c6 {[%emt 0:00:02] Black is clearly winning.} 29. Bxc6 Nxc4 30. Ne4 Nxe3+ 31. Kb2 Qf4 32. g5 h5 33. Qe1 Ng4 {[%emt 0:00:03] Inhibits Rf2.} 34. Bd5 Rd8 35. Nc3 (35. Bc6 $142) 35... Qd4 36. Bb3 Rc8 37. Rc2 Bxd3 38. Rc1 Bg6 {[%emt 0:00:04] [#] aiming for ...Nf2.} 39. Rd1 Qf4 {[%emt 0:00:03] And now ...Nf2 would win.} 40. Rd7 Ne3 41. Qd2 Nc4+ 42. Bxc4 Qxd2+ 43. Rxd2 Rxc4 44. Rd7 Bf5 45. Rxa7 h4 {[%emt 0:00:01] [#] Threatens to win with ...h3.} 46. Re7 Rc5 {[%emt 0:00:03] Weighted Error Value: White=0.68/Black=0.32} 0-1

[Event "Superbet Blitz Poland 2022"]
[Site "Warsaw"]
[Date "2022.05.22"]
[Round "4.4"]
[White "Gavrilescu, David"]
[Black "So, Wesley"]
[Result "1/2-1/2"]
[ECO "B51"]
[WhiteElo "2518"]
[BlackElo "2766"]
[Annotator "TA"]
[PlyCount "119"]
[EventDate "2022.05.22"]
[EventType "tourn"]
[EventCountry "POL"]
[SourceTitle "playchess.com"]
[Source "ChessBase"]
[SourceQuality "1"]
[TimeControl "300+2"]

1. e4 c5 2. Nf3 d6 3. Bb5+ Nd7 4. d4 cxd4 5. Qxd4 a6 6. Be2 {[%emt 0:00:02] B51: Sicilian: Moscow Variation (3 Bb5+) without 3...Bd7.} Ngf6 7. O-O e5 8. Qe3 Nc5 9. Nc3 Be7 10. h3 O-O {[%emt 0:00:15] [#]} 11. a4 $146 ({Predecessor:} 11. b4 Ne6 12. Rd1 Bd7 13. Bf1 Rc8 14. a4 Re8 15. a5 Rc7 16. b5 Qc8 17. Bd2 {½-½ (30) Wegelin,R-Kuhne,D freechess.de 2021}) 11... Bd7 12. a5 Bc6 13. Rd1 Qc7 (13... Bxe4 14. b4 Bxf3 15. Bxf3 $16) (13... Ncxe4 {feels hotter.} 14. Nxe5 Nxc3 15. Qxc3 Nd5) 14. Nd2 Rad8 15. Bf3 d5 16. exd5 Nxd5 (16... Bxd5 {keeps more tension.} 17. Nxd5 Nxd5 18. Qe2 Nf4) 17. Nxd5 Bxd5 18. Bxd5 Rxd5 19. Re1 Ne6 20. c3 (20. Qe4 $15 Qc6 21. Nf1) 20... Bg5 $17 21. Qe2 Nf4 (21... Rxa5 $6 22. Rxa5 Bxd2 23. Bxd2 $11) (21... Rfd8 $17 22. Nf1 Bxc1 23. Rexc1 Nf4) 22. Qc4 Rc5 23. Qf1 Bh6 (23... Rxa5 $15 24. Rxa5 Qxa5) 24. Ne4 Rxa5 (24... Rc6 $1 $11) 25. Rxa5 $16 Qxa5 26. g3 $1 f5 $2 (26... Ng6 $16) 27. Bxf4 $18 {[%emt 0:00:40] [#] And now Qc4+ would win.} fxe4 28. Bxh6 gxh6 {[%emt 0:00:01][%mdl 4096] Endgame KQR-KQR} 29. Qc4+ ({Much less strong is} 29. Rxe4 $6 h5 30. Rh4 Qd5) 29... Rf7 30. Qxe4 Qc5 (30... Qb6 $16 {is a better defense.}) 31. Re2 ({Worse is} 31. Qxe5 Qxf2+ 32. Kh1 Qf3+ 33. Kh2 Qf2+ 34. Kh1 Qf3+ 35. Kh2 Qf2+ 36. Kh1 $11) 31... Re7 32. Rd2 Qc6 (32... Qc8 $142 33. Qb4 Kf7) 33. Rd8+ Kg7 34. Qf5 Rf7 {[%emt 0:00:09] Inhibits Qf8+.} 35. Qxe5+ Qf6 36. Qxf6+ Kxf6 {[%emt 0:00:00] KR-KR} 37. Rd6+ Ke5 $2 (37... Kg7 38. Rb6 h5) 38. Rxh6 Kd5 39. b3 Rc7 40. c4+ Kc5 41. g4 b6 $2 (41... Rf7 42. Kg2 Re7) 42. g5 Rb7 43. h4 {[%emt 0:00:00][%cal Bh3h4,Bh4h5,Bh5g6][%mdl 32] [#] Hoping for f4.} Kb4 (43... Kd4 $142 44. h5 Ke4) 44. h5 Kxb3 45. g6 hxg6 46. hxg6 {[%emt 0:00:00] Threatens to win with f4.} a5 47. f4 ({Weaker is} 47. Rh7 Rb8 $18) 47... a4 48. f5 Rg7 49. Kf2 (49. f6 $142 a3 50. Rh3+ Kb4 51. fxg7 a2 52. g8=Q a1=Q+ 53. Kg2 Qb2+ 54. Kf3) 49... a3 50. Ke3 a2 51. Rh1 {[%emt 0:00:02] aiming for Kf4.} Kxc4 52. Kf4 {[%emt 0:00:03] Ra1 is the strong threat.} b5 53. Kg5 $2 (53. Ra1 $18 b4 54. Rxa2) 53... b4 $11 {[%emt 0:00:03] The position is equal.} 54. f6 Rxg6+ 55. Kxg6 {[%emt 0:00:01] Intending f7 and mate. KR-KPP} b3 56. f7 b2 57. f8=Q {[%emt 0:00:02] White wants to mate with Qf4+.} b1=Q+ 58. Rxb1 axb1=Q+ 59. Qf5 Qxf5+ 60. Kxf5 {Black escapes into a draw.  Weighted Error Value: White=0.22 (precise) /Black=0.54} 1/2-1/2

[Event "Superbet Blitz Poland 2022"]
[Site "Warsaw"]
[Date "2022.05.22"]
[Round "4.5"]
[White "Shevchenko, Kirill"]
[Black "Anand, Viswanathan"]
[Result "0-1"]
[ECO "C42"]
[WhiteElo "2644"]
[BlackElo "2751"]
[Annotator "TA"]
[PlyCount "98"]
[EventDate "2022.05.22"]
[EventType "tourn"]
[EventCountry "POL"]
[SourceTitle "playchess.com"]
[Source "ChessBase"]
[SourceQuality "1"]
[TimeControl "300+2"]

1. e4 e5 2. Nf3 Nf6 3. Nxe5 d6 4. Nf3 Nxe4 5. Nc3 Nxc3 6. dxc3 Be7 7. Be3 O-O 8. Bd3 {[%emt 0:00:08] C42: Petroff Defence: 3 Nxe5 and unusual White 3rd moves.} Nd7 9. Qe2 {[%emt 0:00:19] seems to push 9.Qd2 aside.} Nf6 10. O-O-O {[%emt 0:00:03] The position is equal.} Re8 {[%emt 0:00:01] [#]} 11. Kb1 $146 ({Predecessor:} 11. h3 Bf8 12. g4 g6 13. Qd2 Bg7 14. Bh6 Bd7 15. Rhg1 Ne4 16. Bxe4 Rxe4 17. Bxg7 Kxg7 {½-½ (40) Bologan,V (2600)-Nguyen,T (2517) Batumi 2018}) 11... d5 12. c4 Bc5 13. cxd5 Bg4 14. h3 Bh5 15. g4 Bg6 16. Bxg6 hxg6 17. Ng5 (17. Rhe1 $14) 17... Bxe3 $11 18. fxe3 Re5 19. h4 Qd7 20. e4 Rae8 21. Qc4 Nxe4 22. Nf3 (22. Nxe4 $15 Rxe4 23. Qc3) 22... R5e7 $17 23. Rhg1 Nd6 ({Black should play} 23... Nf2 $1 24. Rde1 Rxe1+ 25. Rxe1 Rxe1+ 26. Nxe1 b5) 24. Qf4 (24. Qc5 $142) 24... Re4 25. Qg3 (25. Qg5 $17 {was called for.}) 25... Re3 $19 26. h5 g5 (26... Qb5 $1 $19 27. Qf2 Nc4) 27. Qf2 (27. Qh3 $17 {keeps fighting.}) 27... Qe7 (27... Nc4 $1 $19 {White must now prevent ...Qb5.} 28. Nxg5 Qe7) 28. Nd4 Qf6 (28... Qe5 $17 29. Qf1 Re4) 29. Qd2 {[%emt 0:00:02] This costs White the game.} (29. Qxf6 $15 gxf6 30. b3) 29... R3e4 30. Rgf1 (30. Nf5 $17) 30... Rf4 $1 31. Rxf4 gxf4 32. Nf3 Re3 33. Qg2 (33. Rf1) 33... Nc4 34. c3 Rxc3 35. bxc3 Qxc3 36. a4 Qb3+ $40 {[%emt 0:00:00][%mdl 128] Black wants a kill.} 37. Kc1 {[%emt 0:00:02] [#]} Qxd1+ {[%emt 0:00:00][%mdl 576] Decoy} 38. Kxd1 Ne3+ 39. Ke2 Nxg2 {[%emt 0:00:00][%mdl 4096] Endgame KN-KN} 40. Kd3 (40. d6 {was necessary.} cxd6 41. Nd4) 40... Ne3 41. Ke4 (41. d6 {might work better.} cxd6 42. g5) 41... Nxg4 42. Kxf4 Nf6 43. Ke5 Kf8 44. Nd4 Nxh5 45. Nb5 Ke7 ({But not} 45... f6+ $2 46. Ke4 $19) 46. Nxa7 Nf6 47. a5 Ne8 48. Nc6+ bxc6 49. a6 {[%emt 0:00:01] [#]} Nd6 $1 {[%emt 0:00:00] Weighted Error Value: White=0.58/Black=0.19 (very precise)} 0-1

[Event "Superbet Blitz Poland 2022"]
[Site "Warsaw"]
[Date "2022.05.22"]
[Round "5.1"]
[White "Anand, Viswanathan"]
[Black "Aronian, Levon"]
[Result "1/2-1/2"]
[ECO "C67"]
[WhiteElo "2751"]
[BlackElo "2765"]
[Annotator "TA"]
[PlyCount "91"]
[EventDate "2022.05.22"]
[EventType "tourn"]
[EventCountry "POL"]
[SourceTitle "playchess.com"]
[Source "ChessBase"]
[SourceQuality "1"]
[TimeControl "300+2"]

1. e4 e5 2. Nf3 Nc6 3. Bb5 Nf6 4. O-O Nxe4 5. Re1 Nd6 6. Nxe5 Be7 7. Bf1 Nxe5 8. Rxe5 O-O 9. d4 Bf6 10. Re1 Re8 {[%emt 0:00:01] C67: Ruy Lopez: Berlin Defence: 4 0-0 Nxe4.} 11. Bf4 Rxe1 12. Qxe1 Ne8 13. c3 d5 14. Bd3 (14. Nd2 c6 15. Bd3 {½-½ (15) Anand,V (2757)-Aronian,L (2772) Bucharest 2019}) 14... g6 {[%emt 0:00:13] The position is equal.} 15. Nd2 Ng7 16. Nf3 {[%emt 0:00:05] 16.Nf3 is better than 16.Qe2.} Bf5 17. Bxf5 Nxf5 18. Be5 c6 19. Qe2 {[%emt 0:00:13] [#]} Qe7 $146 ({Predecessor:} 19... Be7 20. Re1 Bf8 21. h3 f6 22. Bf4 Qd7 23. Nd2 Ng7 24. Qf3 Re8 25. Rxe8 Qxe8 {0-1 (33) Khanin,S (2292)-Aleksandrov,A (2583) St Petersburg 2014}) 20. Re1 Re8 21. Qd2 {[%emt 0:00:14] [#] And now Bxf6 would win.} Bxe5 22. Rxe5 Qd8 23. Rxe8+ Qxe8 24. Qe1 Qxe1+ 25. Nxe1 $11 {[%emt 0:00:02][%mdl 4096] Endgame KN-KN} Nd6 26. Kf1 f6 27. Ke2 Kf7 28. Nd3 Ke7 29. f3 a5 30. b3 b6 31. g3 Kd7 32. Nf4 Nf5 33. Ng2 Kd6 34. Ne3 Nxe3 35. Kxe3 {[%emt 0:00:02] KP-KP} Ke6 36. a4 b5 37. h4 bxa4 38. bxa4 g5 {[%emt 0:00:01] [#] Hoping for ...gxh4.} 39. hxg5 fxg5 40. g4 Kf6 41. Kf2 Kg6 42. Kg2 Kf7 43. Kf1 Kg6 44. Kg2 Kf7 45. Kf1 Kg6 46. Kg2 {[%emt 0:00:01] An uneventful encounter.  Weighted Error Value: White=0.01 (flawless) /Black=0.00 (flawless)} 1/2-1/2

[Event "Superbet Blitz Poland 2022"]
[Site "Warsaw"]
[Date "2022.05.22"]
[Round "5.2"]
[White "So, Wesley"]
[Black "Shevchenko, Kirill"]
[Result "1-0"]
[ECO "B52"]
[WhiteElo "2766"]
[BlackElo "2644"]
[Annotator "TA"]
[PlyCount "105"]
[EventDate "2022.05.22"]
[EventType "tourn"]
[EventCountry "POL"]
[SourceTitle "playchess.com"]
[Source "ChessBase"]
[SourceQuality "1"]
[TimeControl "300+2"]

1. e4 c5 2. Nf3 d6 3. Bb5+ Bd7 4. Bxd7+ Qxd7 5. c4 Nc6 6. d4 cxd4 7. Nxd4 Nf6 8. Nc3 g6 9. f3 Bg7 10. Be3 O-O 11. O-O a6 12. a4 {[%emt 0:00:18] B52: Sicilian: Moscow Variation with 3...Bd7.} e6 13. Nde2 {[%emt 0:00:01] is the legacy move (13.Rc1).} Qc7 14. b3 {[%emt 0:00:03] The position is equal.} Rfd8 {[%emt 0:00:24][%cal Od6d5] [#]} 15. Kh1 $146 ({Predecessor:} 15. Rc1 Rac8 16. Bf2 Nd7 17. Bh4 Re8 18. Bg3 Be5 19. f4 Bg7 20. Kh1 Nc5 21. f5 {0-1 (55) Escobar Medina,A (2269)-Arenas Vanegas,D (2431) Cartagena 2019}) 15... d5 16. cxd5 exd5 17. exd5 Nb4 {[%emt 0:00:02][%cal Rf6d5] Inhibits Ra2.} (17... Qa5 $5 18. d6 Ne8 $15) 18. Rc1 (18. Bf4 $5 Qa5 19. d6 $11) 18... Qe7 {[%emt 0:00:15][%mdl 1024] Black has compensation.} 19. Bg5 Rac8 {[%emt 0:01:01] [#]} (19... h6 $11 20. Bxf6 Bxf6) 20. Qd2 (20. d6 $1 $16 Qd7 21. Qd2) 20... Qe5 (20... h6 $14 21. Bh4 (21. Bxh6 Bxh6 22. Qxh6 Nbxd5 $11) 21... g5) 21. Rcd1 (21. h3 $16) 21... a5 (21... Nbxd5 $11 22. Bxf6 Nxf6 23. Qxd8+ Rxd8 24. Rxd8+ Bf8) 22. Rfe1 {[%emt 0:00:19] Black is now going downhill.} (22. Bf4 $16 Qf5 23. Nd4) 22... h6 (22... Nbxd5 $11 {keeps the balance.} 23. Nb5 (23. Bxf6 Nxf6 24. Qxd8+ Rxd8 $11) 23... Bf8) 23. Bf4 $36 {[%emt 0:00:07][%mdl 2048] White has strong initiative.} (23. Bxh6 Bxh6 24. Qxh6 Rxc3 25. Nxc3 Qxc3 $15) 23... Qf5 24. Nd4 (24. Bxh6 $6 Nfxd5 25. Bxg7 Kxg7 $14) 24... Qd7 25. d6 {[%emt 0:00:01] [#] Hoping for Re7. White is more active.} Re8 {[%emt 0:00:10] Against Re7} (25... Nfd5 $16 26. Nxd5 Nxd5) 26. Rxe8+ Nxe8 27. Ndb5 Rc5 28. Bxh6 Bxc3 29. Nxc3 Qxd6 30. Qe3 ({Don't play} 30. Qxd6 $6 Nxd6 31. Ne2 (31. Rxd6 Rxc3 32. Rb6 Rxb3 $11) 31... Nf5 $16) 30... Qe5 {[%emt 0:00:04] Strongly threatening ...Qxe3.} 31. Qxe5 Rxe5 32. Bf4 Re6 33. Kg1 Ng7 34. Rd8+ Re8 35. Rxe8+ Nxe8 $18 {[%emt 0:00:01][%mdl 4096] Endgame KBN-KNN} 36. Ne4 {[%emt 0:00:15] Prevents Nf6.} b6 (36... Nd3 $142) 37. Kf1 f5 38. Nd6 Nf6 39. Nc4 Nfd5 40. Bg5 Nd3 41. Bd8 Nc5 42. Nxb6 Nb4 (42... Ne3+ {was necessary.} 43. Kf2 f4) 43. Nc4 Nxb3 44. Bxa5 Nc6 45. Bc3 Kf7 (45... Nc5 $142 46. a5 Kf7 47. Ne5+ Nxe5 48. Bxe5 Ke6) 46. Ne5+ Nxe5 47. Bxe5 {[%emt 0:00:01] KB-KN} Ke6 48. Bc3 Kd5 49. Kf2 Nc1 50. a5 {[%emt 0:00:03] aiming for a6.} Kc5 51. Ke3 Kb5 52. h4 Na2 53. Bd2 {[%emt 0:00:01] Weighted Error Value: White=0.23 (precise) /Black=0.43} 1-0

[Event "Superbet Blitz Poland 2022"]
[Site "Warsaw"]
[Date "2022.05.22"]
[Round "5.3"]
[White "Caruana, Fabiano"]
[Black "Gavrilescu, David"]
[Result "1-0"]
[ECO "D38"]
[WhiteElo "2786"]
[BlackElo "2518"]
[Annotator "TA"]
[PlyCount "103"]
[EventDate "2022.05.22"]
[EventType "tourn"]
[EventCountry "POL"]
[SourceTitle "playchess.com"]
[Source "ChessBase"]
[SourceQuality "1"]
[TimeControl "300+2"]

1. c4 e6 2. Nc3 d5 3. d4 Nf6 4. cxd5 exd5 5. Bg5 Bb4 6. e3 h6 7. Bxf6 Qxf6 8. Qb3 Qd6 9. Nf3 O-O 10. Bd3 c6 11. O-O Nd7 12. Rad1 {[%emt 0:00:07] [#] D38: Queen's Gambit Declined: Ragozin Defence (4 Nf3 Bb4).} Re8 $146 ({Predecessor:} 12... Ba5 13. h3 Re8 14. Qa4 Bc7 15. Rfe1 Nf6 16. Ne5 Qe7 17. f4 Nd7 18. Qc2 Nxe5 19. fxe5 Be6 {1-0 (36) Finegold,B (2481)-Krush,I (2444) Saint Louis 2017}) 13. Ne2 Nf6 14. Ng3 {[%emt 0:00:04] The position is equal.} (14. Ne5 {is interesting.} Ng4 15. Nf3 Ba5 16. h3) 14... Qe7 15. Bf5 Bd6 16. Bxc8 {[%emt 0:00:02] [#] aiming for Nf5.} Rexc8 (16... Bxg3 $11 17. hxg3 (17. Bxb7 Bxf2+ 18. Rxf2 Rab8 $11) 17... Raxc8) 17. Nf5 $14 Qd7 18. Nxd6 Qxd6 19. Qxb7 Rcb8 20. Qa6 Rxb2 21. Rc1 Rb6 22. Qa4 Nd7 {[%emt 0:00:24] Inhibits Ne5.} 23. Rc2 c5 24. dxc5 Nxc5 25. Qa5 Ne6 26. Rd1 Rd8 27. h3 Ra6 28. Qc3 Ra4 29. Rcd2 Qa6 30. Qb2 Qa5 31. Ne5 {[%emt 0:00:04] [#] And now Nc6 would win.} Qb6 {[%emt 0:00:10] Prevents Nc6.} 32. Qc2 Qa6 33. Qf5 Qb7 {[%emt 0:00:03] Black cannot hold the game after this.} (33... f6 $16) 34. Rb1 $18 Qc7 (34... Rb4 {is a better defense.} 35. Rxb4 Qxb4 36. Qxf7+ Kh8) 35. Rc2 g6 36. Nxg6 $40 {[%emt 0:00:15][%mdl 128] White is out for blood.} (36. Qxe6 Rc4 37. Rxc4 dxc4 38. Qf6) 36... Ng7 $2 (36... Rc4) 37. Rxc7 Nxf5 38. Ne5 Nd6 39. Nc6 Re8 40. Rd7 Ne4 41. Rbb7 ({But not} 41. Rxa7 $6 Rxa7 42. Nxa7 Ra8 $18) ({Less strong is} 41. Rxd5 Rxa2 42. Rf5 a5 $16) 41... Rxa2 $2 (41... Rf8 42. Rxa7 Rxa7 43. Rxa7 Kg7) 42. Rxf7 Nd6 43. Rg7+ Kf8 44. Rxa7 Rxa7 45. Rxa7 {[%emt 0:00:01][%mdl 4096] Endgame KRN-KRN} Rc8 46. Nd4 Ne4 47. f3 Rc1+ 48. Kh2 Nf6 (48... Nc5 $142 49. Nf5 Rc3) 49. Ne6+ {[%emt 0:00:03] White is clearly winning.} Ke8 50. Ng7+ Kf8 51. Nf5 Rc2 52. Nxh6 {[%emt 0:00:03] Weighted Error Value: White=0.30/Black=0.47} 1-0

[Event "Superbet Blitz Poland 2022"]
[Site "Warsaw"]
[Date "2022.05.22"]
[Round "5.4"]
[White "Rapport, Richard"]
[Black "Korobov, Anton"]
[Result "1-0"]
[ECO "B23"]
[WhiteElo "2776"]
[BlackElo "2671"]
[Annotator "TA"]
[PlyCount "77"]
[EventDate "2022.05.22"]
[EventType "tourn"]
[EventCountry "POL"]
[SourceTitle "playchess.com"]
[Source "ChessBase"]
[SourceQuality "1"]
[TimeControl "300+2"]

1. e4 c5 2. Nc3 Nc6 3. Bb5 e6 4. Bxc6 bxc6 5. d3 Ne7 6. f4 {[%emt 0:00:02] B23: Closed Sicilian: Lines without g3.} d5 7. Nf3 Ng6 8. O-O {[%emt 0:00:07] White is slightly better.} Be7 {[%emt 0:00:05] [#]} 9. Na4 $146 ({Predecessor:} 9. b3 Qc7 10. e5 O-O 11. Qe1 f6 12. Bd2 c4 13. bxc4 dxc4 14. d4 Rd8 15. Ne4 {½-½ (50) Gazik,V (2539)-Korobov,A (2688) Chess.com INT 2020}) 9... c4 10. b3 cxd3 11. cxd3 dxe4 12. dxe4 Ba6 13. Re1 Qxd1 14. Rxd1 Be2 {[%emt 0:00:02] This bishop pair is nice.} 15. Re1 Bxf3 16. gxf3 O-O-O 17. Be3 Rd3 (17... Bd6 $11) 18. Rac1 $16 Kb7 19. Kf2 Rhd8 {[%emt 0:00:31] White now steadily converts the win.} 20. Nc5+ Bxc5 21. Rxc5 Ne7 (21... Rd1 $142) 22. Ke2 R3d7 23. Rh5 h6 (23... Rh8 $16 {is a better defense.} 24. Rg5 Rg8) 24. Rg1 $18 g6 25. Rxh6 c5 26. Rc1 ({Worse is} 26. Bxc5 Rd2+ 27. Ke1 Rxa2 $17) 26... Nc6 27. Rxc5 Nd4+ 28. Kf2 a6 29. Rh7 {[%emt 0:00:06] [#] And now Bxd4 would win.} Nb5 30. f5 exf5 31. exf5 gxf5 32. Rxf5 Nd6 33. Rd5 Kc6 34. Rc5+ Kb7 35. Bf4 Ne8 36. Rf5 {[%emt 0:00:07] Inhibits Nf6.} f6 37. Rxd7+ Rxd7 38. Rc5 Ng7 39. Be3 {[%emt 0:00:07] Weighted Error Value: White=0.06 (flawless) /Black=0.23 (precise)} 1-0